 Dungeon Crawl Stone Soup version 0.21.0-3-g78d12a8 (webtiles) character file.

3289 reriks1 the Cleaver (level 9, 0/81 HPs)
             Began as a Deep Dwarf Fighter on Jan 12, 2018.
             Was a Believer of Makhleb.
             Slain by a wolf (3 damage)
             ... led by Grum
             ... on level 8 of the Dungeon.
             The game lasted 00:06:39 (4848 turns).

reriks1 the Cleaver (Deep Dwarf Fighter)            Turns: 4848, Time: 00:06:40

Health: 0/81       AC: 11    Str: 24    XL:     9   Next: 69%
Magic:  9/9        EV:  9    Int:  8    God:    Makhleb [**....]
Gold:   460        SH: 11    Dex: 12    Spells: 8/8 levels left

rFire    . . .     SeeInvis .   a - +0 war axe
rCold    . . .     Gourm    .   c - +0 shield
rNeg     . . .     Faith    .   m - +0 chain mail (curse)
rPois    .         Spirit   .   j - +0 helmet
rElec    .         Reflect  .   (no cloak)
rCorr    .         Harm     .   (no gloves)
MR       +....                  (no boots)
Stlth    ..........             (no amulet)
HPRegen  0.00/turn              (no ring)
MPRegen  0.11/turn              (no ring)

@: non-regenerating
A: damage resistance, heal wounds, sense surroundings 2, no regeneration
a: Heal Wounds, Minor Destruction, Renounce Religion


You were on level 8 of the Dungeon.
You worshipped Makhleb.
Makhleb was pleased with you.
You were not hungry.

You visited 2 branches of the dungeon, and saw 9 of its levels.

You collected 460 gold pieces.

Inventory:

Hand Weapons
 a - a +0 war axe (weapon)
Armour
 b - a +0 scale mail
 c - a +0 shield (worn)
 j - a +0 helmet (worn)
 m - a cursed +0 chain mail (worn)
Jewellery
 g - an uncursed ring of ice {unknown}
 w - a +2 ring of protection {unknown}
Wands
 s - a wand of polymorph (21)
 v - a wand of acid (6)
 y - a wand of paralysis (15)
Scrolls
 h - 5 scrolls of identify {unknown}
 k - a scroll of immolation {unknown}
 l - 5 scrolls of remove curse {unknown}
 n - a scroll of fog {unknown}
 q - 3 scrolls of random uselessness {unknown}
 r - 5 scrolls of teleportation {unknown}
 t - a scroll of blinking {unknown}
 u - 3 scrolls of fear {unknown}
 x - 3 scrolls of enchant armour {unknown}
 z - 2 scrolls of enchant weapon {unknown}
 B - a scroll of magic mapping {unknown}
 D - a scroll of acquirement {unknown}
Potions
 d - 2 potions of might
 e - 7 potions of curing {unknown}
 i - 3 potions of cancellation {unknown}
 o - a potion of brilliance {unknown}
 A - a potion of flight {unknown}
 E - a potion of heal wounds {unknown}
 F - 2 potions of invisibility {unknown}
Books
 p - a book of Cantrips

   Spells                             Type                      Level
   a - Confusing Touch                Hexes                        1
   b - Animate Skeleton               Necromancy                   1
   c - Summon Small Mammal            Summoning                    1
   d - Apportation                    Translocation                1
 C - a book of Misfortune

   Spells                             Type                      Level
   a - Confusing Touch                Hexes                        1
   b - Confuse                        Hexes                        3
   c - Gell's Gravitas                Translocation                3
   d - Petrify                        Transmutation/Earth          4
   e - Metabolic Englaciation         Hexes/Ice                    5
   f - Yara's Violent Unravelling     Hexes/Transmutation          5
Comestibles
 f - 14 rations


   Skills:
 + Level 5.5 Fighting
 * Level 8.7 Axes
 + Level 6.7 Armour
 + Level 5.6 Dodging
 + Level 6.6 Shields
 + Level 5.1 Invocations


You had 8 spell levels left.
You didn't know any spells.

Dungeon Overview and Level Annotations

Branches:
Dungeon (8/15)             Temple (1/1) D:4
   Lair: D:8-11

Altars:
Ashenzari
Cheibriados
Dithmenos
Elyvilon
Fedhas
Gozag
Hepliaklqana
Kikubaaqudgha
Makhleb
Nemelex Xobeh
Okawaru
Ru
Sif Muna
Trog
Uskayaw
Vehumet
Wu Jian
Xom
Yredelemnul
Zin
The Shining One

Annotations:
D:8 1 runed door


Innate Abilities, Weirdness & Mutations

You are resistant to damage.
You can heal yourself by infusing magical energy.
You passively map the area around you.
You do not regenerate.


Message History

The orc warrior hits you with a halberd.
You block the wolf's attack.
Your magical essence is drained by the effort!
You feel much better.
You block the wolf's attack. x2; The wolf misses you.
The orc warrior hits you with a halberd!!
* * * LOW HITPOINT WARNING * * *
You barely miss the orc warrior.
The orc warrior is moderately wounded.
You miss the wolf.
Your shield and chain mail prevent you from hitting the wolf.
You closely miss the wolf. The wolf bites you. You block the wolf's attack.
The wolf bites you. You block the wolf's attack. The wolf bites you.
The wolf bites you but does no damage.
The orc warrior hits you with a halberd!!
* * * LOW HITPOINT WARNING * * *
You fail to use your ability.
You block the wolf's attack. x2
The wolf bites you.
* * * LOW HITPOINT WARNING * * *
The wolf bites you!
You die...

, , #######*, , , #+##
..#.... ,
#######..###..... * , * ,
# ...............# ### ,,
#..........###...+.... , ,
*#..........#p#...#.... ,
, , #..# #...#+#....#####
*
##..#####....†.hho......,
**
#...+......#####@hh.....,,
, ....#....###...###h.....
,, ,,, ....#.....##._.#
,,....h, , , ,
#...#.....##...#* ,.... *
###'##..########* ...
.....#..######### ..,, ,
.....#........... #* ,,
.....'..........., , *
.....############* , , ,


You could see an orc warrior, 3 wolves, 3 jackals and a neutral human.

Vanquished Creatures
  The ghost of fartbutt the Chopper, a novice DsFi of Okawaru (D:7)
  A spriggan (D:7)
  A hungry ghost (D:7)
  A steam dragon (D:7)
  Menkaure (D:6)
  A sky beast (D:6)
  A phantom (D:5)
  An ice beast (D:7)
  An ogre (D:6)
  A necrophage (D:6)
  A wolf (D:8)
  A centaur (D:5)
  3 scorpions
  5 killer bees (D:7)
  4 wights (D:7)
  A crimson imp (D:6)
  6 orc priests
  A hound (D:7)
  A jelly (D:5)
  A bullfrog skeleton (D:7)
  6 orc wizards
  A centaur skeleton (D:6)
  2 human skeletons (D:8)
  A gnoll shaman (D:4)
  2 iguanas
  3 worker ants
  A hound skeleton (D:2)
  A worker ant zombie (D:7)
  A howler monkey skeleton (D:6)
  11 adders
  10 gnolls
  A river rat (D:3)
  3 shadow imps
  3 oozes
  An adder skeleton (D:6)
  A worm (D:3)
  2 dart slugs
  7 leopard geckos
  26 orcs
  A ball python (D:3)
  4 giant cockroaches
  7 goblins
  4 hobgoblins
  16 jackals
  11 kobolds
  3 quokkas
  7 bats
  5 frilled lizards
  A quokka zombie (D:5)
  5 rats
181 creatures vanquished.

Notes
Turn   | Place    | Note
-------+----------+-------------------------------------------
     0 | D:1      | reriks1 the Deep Dwarf Fighter began the quest for the Orb.
     0 | D:1      | Reached XP level 1. HP: 20/20 MP: 1/1
    67 | D:1      | Reached XP level 2. HP: 27/27 MP: 2/2
   392 | D:1      | Reached XP level 3. HP: 26/33 MP: 3/3
   685 | D:2      | Reached skill level 3 in Axes
   686 | D:2      | Reached skill level 1 in Dodging
   819 | D:2      | Found a shimmering altar of Xom.
   876 | D:2      | Reached XP level 4. HP: 26/42 MP: 4/4
  1449 | D:3      | Found a faded altar of an unknown god.
  1581 | D:3      | Reached XP level 5. HP: 49/49 MP: 4/4
  1710 | D:3      | Reached skill level 4 in Axes
  2157 | D:3      | Reached XP level 6. HP: 48/56 MP: 4/4
  2286 | D:4      | Found a staircase to the Ecumenical Temple.
  2296 | Temple   | Entered the Ecumenical Temple
  2301 | Temple   | Became a worshipper of Makhleb the Destroyer
  2567 | D:5      | Entered Level 5 of the Dungeon
  2581 | D:5      | Reached skill level 5 in Axes
  2699 | D:5      | Reached XP level 7. HP: 49/63 MP: 5/5
  2756 | D:5      | Reached * piety under Makhleb
  3064 | D:5      | Reached skill level 5 in Armour
  3189 | D:5      | Reached skill level 5 in Shields
  3377 | D:6      | Found a white marble altar of Elyvilon.
  3382 | D:6      | Reached skill level 6 in Axes
  3382 | D:6      | Reached skill level 1 in Invocations
  3440 | D:6      | Noticed Menkaure
  3443 | D:6      | Killed Menkaure
  3443 | D:6      | Reached XP level 8. HP: 44/73 MP: 5/7
  3620 | D:6      | Found a shimmering altar of Xom.
  3825 | D:6      | Reached ** piety under Makhleb
  4019 | D:7      | Noticed fartbutt's ghost (novice DsFi)
  4049 | D:7      | Reached skill level 7 in Axes
  4070 | D:7      | Killed fartbutt's ghost
  4070 | D:7      | Reached skill level 5 in Fighting
  4070 | D:7      | Gained mutation: You passively map the area around you. [Deep Dwarf growth]
  4070 | D:7      | Reached XP level 9. HP: 45/81 MP: 9/9
  4076 | D:7      | Reached skill level 5 in Dodging
  4243 | D:7      | Reached skill level 8 in Axes
  4391 | D:7      | Paralysed by fainting for 6 turns
  4500 | D:7      | Found a hazy altar of Hepliaklqana.
  4629 | D:7      | Found a sparkling altar of Nemelex Xobeh.
  4765 | D:8      | Found an ancient bone altar of Kikubaaqudgha.
  4768 | D:8      | Found a shattered altar of Ashenzari.
  4791 | D:8      | Found a runed door.
  4794 | D:8      | Found a basalt altar of Yredelemnul.
  4814 | D:8      | Reached skill level 5 in Invocations
  4847 | D:8      | HP: 4/81 [orc warrior/halberd (17)]
  4848 | D:8      | Slain by a wolf

Skill      XL: |  1  2  3  4  5  6  7  8  9 |
---------------+----------------------------+-----
Axes           | 3 4 5 6 7 8 |  8.7
Fighting       | 3 4 5 |  5.5
Dodging        | 1 2 3 4 5 |  5.6
Armour         | 4 5 6 |  6.7
Shields        | 4 5 6 |  6.6
Invocations    | 1 3 5 |  5.1

Action                   |  1- 3 |  4- 6 |  7- 9 || total
-------------------------+-------+-------+-------++-------
Melee: War axe           |   143 |   264 |   453 ||   860
 Abil: Heal Wounds       |       |     7 |     8 ||    15
Evoke: Wand              |       |       |     2 ||     2
  Use: Potion            |       |       |     1 ||     1
  Eat: Chunk             |       |     7 |     8 ||    15
       Ration            |       |       |     5 ||     5
Armor: Scale mail        |    86 |     3 |       ||    89
       Chain mail        |       |   133 |   201 ||   334
Dodge: Dodged            |    52 |    74 |   151 ||   277
Block: Shield            |   104 |   149 |   281 ||   534
